[ AOE2 MATCH · #483850488 ]
1v1 RMCumans vs Franks
Player's team · WIN
Rival team · LOSS
[ REPLAY ANALYSIS · EXTRACTED FROM THE RECORDED GAME ]
Feudal
9:18
Castle
21:31
Imperial
33:42
| APM avg | 31.7 |
| APM peak | 74 |
| eAPM avg | 21.3 |
| Villagers / military | 172 / 296 |
Focus
⚔️ 38.5% · 🌾 61.5%
Cavalry Archer ×117 · Steppe Lancer ×69 · Scout Cavalry ×57 · Camel Scout ×39 · Battering Ram ×11 · Monk ×3
Feudal
11:26
Castle
20:12
Imperial
27:47
| APM avg | 29.1 |
| APM peak | 79 |
| eAPM avg | 16.1 |
| Villagers / military | 161 / 193 |
Focus
⚔️ 33.5% · 🌾 66.5%
Knight ×123 · Spearman ×68 · Trebuchet (Packed) ×2
Match map
Initial resources + every placement click. Lines = walls · curves = elevation contours. ◆ gold · ⬟ stone · ● berries · ✦ relic · ◌ wall gap
Your base· Open — opponent sealed themselves in
happiness's base· ✓ Closed at 20:12 · 56t walls · no gate
Smoothed initial terrain · ◌ = detected wall gap · hover for details
Inputs per minute
— malibu - - happiness
Build order — malibu
First 150 of 574 actions detected
| 0:00 | Create | Villager (Male) |
| 0:02 | Build | House |
| 0:04 | Build | House |
| 0:21 | Create | Villager (Male) ×3 |
| 1:35 | Create | Villager (Male) |
| 1:59 | Create | Villager (Male) |
| 2:00 | Create | Villager (Male) |
| 2:10 | Create | Villager (Male) |
| 2:47 | Build | Lumber Camp |
| 2:50 | Create | Villager (Male) ×2 |
| 3:01 | Build | House |
| 3:37 | Create | Villager (Male) |
| 3:37 | Create | Villager (Male) |
| 4:05 | Create | Villager (Male) |
| 4:22 | Create | Villager (Male) |
| 4:41 | Create | Villager (Male) |
| 5:49 | Create | Villager (Male) ×5 |
| 5:53 | Create | Villager (Male) |
| 5:56 | Build | Mill |
| 6:43 | Research | Loom |
| 7:02 | Research | Feudal Age |
| 8:48 | Build | House |
| 9:18 | Age | Feudal Age |
| 9:20 | Build | Town Center |
| 9:27 | Research | Horse Collar |
| 10:13 | Create | Villager (Male) |
| 10:13 | Create | Villager (Male) |
| 10:44 | Create | Villager (Male) |
| 10:46 | Build | Farm |
| 10:47 | Build | Farm |
| 10:47 | Build | Farm |
| 10:47 | Build | Farm |
| 10:47 | Build | Farm |
| 10:47 | Build | Farm |
| 10:55 | Create | Villager (Male) |
| 11:14 | Create | Villager (Male) |
| 11:16 | Build | Farm |
| 11:24 | Create | Villager (Male) |
| 11:42 | Create | Villager (Male) |
| 11:44 | Build | Farm |
| 11:57 | Create | Villager (Male) |
| 11:59 | Create | Villager (Male) |
| 12:01 | Build | Farm |
| 12:02 | Build | Farm |
| 12:09 | Create | Villager (Male) |
| 12:15 | Build | House |
| 12:38 | Create | Villager (Male) |
| 12:38 | Create | Villager (Male) |
| 12:49 | Build | Farm |
| 13:14 | Create | Villager (Male) |
| 13:19 | Build | Farm |
| 13:20 | Build | Farm |
| 13:24 | Build | Farm |
| 13:26 | Build | Farm |
| 13:50 | Create | Villager (Male) |
| 13:52 | Build | Farm |
| 13:52 | Build | Farm |
| 13:56 | Build | Farm |
| 14:01 | Create | Villager (Male) |
| 14:01 | Create | Villager (Male) |
| 14:11 | Create | Villager (Male) |
| 14:27 | Create | Villager (Male) |
| 14:30 | Build | House |
| 14:31 | Build | House |
| 14:34 | Create | Villager (Male) |
| 14:35 | Build | Farm |
| 14:42 | Create | Villager (Male) |
| 14:58 | Create | Villager (Male) |
| 15:01 | Build | Farm |
| 15:04 | Build | Farm |
| 15:06 | Build | Farm |
| 15:28 | Create | Villager (Male) |
| 15:28 | Create | Villager (Male) |
| 15:36 | Build | Lumber Camp |
| 16:00 | Create | Villager (Male) |
| 16:02 | Research | Double-Bit Axe |
| 16:17 | Create | Villager (Male) |
| 16:20 | Build | House |
| 16:37 | Build | Mining Camp |
| 16:42 | Build | House |
| 16:49 | Build | Barracks |
| 16:51 | Create | Villager (Male) |
| 17:10 | Build | Palisade Wall |
| 17:18 | Build | Palisade Wall |
| 17:22 | Build | Palisade Wall |
| 17:27 | Create | Villager (Male) |
| 17:33 | Build | Market |
| 17:44 | Research | Gold Mining |
| 17:46 | Create | Villager (Male) |
| 17:57 | Build | Blacksmith |
| 17:58 | Build | House |
| 18:05 | Create | Villager (Male) |
| 18:09 | Build | Farm |
| 18:12 | Build | Lumber Camp |
| 18:13 | Create | Villager (Male) |
| 18:37 | Build | Stable |
| 18:43 | Create | Villager (Male) |
| 18:51 | Research | Castle Age |
| 18:52 | Research | Wheelbarrow |
| 19:09 | Build | Stable |
| 19:22 | Research | Scale Barding Armor |
| 19:26 | Build | House |
| 19:28 | Build | House |
| 19:35 | Research | Bloodlines |
| 19:51 | Build | House |
| 19:51 | Build | House |
| 19:52 | Build | House |
| 20:09 | Research | Forging |
| 20:10 | Create | Villager (Male) |
| 20:18 | Build | House |
| 20:19 | Build | House |
| 20:21 | Build | House |
| 20:24 | Build | House |
| 20:29 | Build | House |
| 20:35 | Create | Villager (Male) |
| 21:01 | Create | Villager (Male) |
| 21:01 | Create | Villager (Male) |
| 21:31 | Age | Castle Age |
| 21:35 | Create | Camel Scout |
| 21:36 | Create | Camel Scout |
| 21:38 | Create | Villager (Male) |
| 21:41 | Research | Horse Collar |
| 21:42 | Research | Bow Saw |
| 21:46 | Create | Villager (Male) |
| 21:48 | Build | Town Center |
| 21:53 | Create | Camel Scout |
| 21:53 | Create | Camel Scout |
| 22:03 | Create | Steppe Lancer |
| 22:08 | Build | House |
| 22:14 | Create | Villager (Male) |
| 22:19 | Build | Mining Camp |
| 22:20 | Create | Villager (Male) |
| 22:24 | Create | Villager (Male) |
| 22:27 | Build | Farm |
| 22:37 | Build | Farm |
| 22:44 | Create | Steppe Lancer |
| 22:44 | Create | Steppe Lancer |
| 22:46 | Build | Farm |
| 22:48 | Build | Farm |
| 22:50 | Create | Villager (Male) |
| 23:01 | Create | Camel Scout |
| 23:01 | Create | Camel Scout |
| 23:03 | Create | Villager (Male) |
| 23:35 | Build | Farm |
| 23:36 | Build | Farm |
| 23:36 | Build | Farm |
| 23:36 | Build | Farm |
| 23:36 | Build | Farm |
| 23:37 | Build | Farm |
| 23:45 | Build | Farm |
Build order — happiness
First 150 of 322 actions detected
| 0:01 | Create | Villager (Male) |
| 0:02 | Create | Villager (Male) |
| 0:02 | Create | Villager (Male) |
| 0:03 | Build | House |
| 0:04 | Build | House |
| 0:10 | Create | Villager (Male) |
| 0:10 | Create | Villager (Male) |
| 0:11 | Create | Villager (Male) |
| 1:43 | Create | Villager (Male) |
| 1:43 | Create | Villager (Male) |
| 1:47 | Build | Lumber Camp |
| 2:05 | Create | Villager (Male) |
| 2:05 | Create | Villager (Male) |
| 2:19 | Create | Villager (Male) |
| 2:19 | Create | Villager (Male) |
| 2:54 | Research | Loom |
| 3:01 | Create | Villager (Male) |
| 3:01 | Create | Villager (Male) |
| 3:17 | Create | Villager (Male) |
| 3:17 | Create | Villager (Male) |
| 4:14 | Create | Villager (Male) |
| 4:14 | Create | Villager (Male) |
| 4:26 | Build | House |
| 4:40 | Create | Villager (Male) |
| 4:40 | Create | Villager (Male) |
| 4:40 | Create | Villager (Male) |
| 4:59 | Create | Villager (Male) |
| 4:59 | Create | Villager (Male) |
| 4:59 | Create | Villager (Male) |
| 5:09 | Build | Mill |
| 5:24 | Create | Villager (Male) |
| 5:24 | Create | Villager (Male) |
| 5:25 | Create | Villager (Male) |
| 5:36 | Build | House |
| 5:53 | Create | Villager (Male) |
| 6:21 | Create | Villager (Male) |
| 6:22 | Create | Villager (Male) |
| 6:49 | Build | Farm |
| 6:56 | Create | Villager (Male) |
| 6:56 | Create | Villager (Male) |
| 7:23 | Create | Villager (Male) |
| 7:25 | Create | Villager (Male) |
| 8:30 | Build | Mill |
| 8:35 | Create | Villager (Male) |
| 8:38 | Research | Feudal Age |
| 9:04 | Build | Mining Camp |
| 9:14 | Build | Mining Camp |
| 9:26 | Build | Barracks |
| 9:34 | Build | Palisade Wall |
| 9:41 | Build | Palisade Wall |
| 9:43 | Build | Palisade Wall |
| 10:34 | Build | Palisade Wall |
| 10:57 | Build | Palisade Wall |
| 10:59 | Build | Palisade Wall |
| 11:06 | Build | Farm |
| 11:18 | Create | Villager (Male) |
| 11:20 | Create | Villager (Male) |
| 11:26 | Age | Feudal Age |
| 11:41 | Build | House |
| 11:46 | Create | Spearman |
| 11:48 | Create | Spearman |
| 11:58 | Build | House |
| 12:03 | Create | Villager (Male) |
| 12:03 | Create | Villager (Male) |
| 12:22 | Research | Double-Bit Axe |
| 12:47 | Create | Villager (Male) |
| 12:48 | Create | Villager (Male) |
| 13:09 | Build | Farm |
| 13:15 | Create | Villager (Male) |
| 13:24 | Build | Lumber Camp |
| 13:59 | Build | Blacksmith |
| 14:01 | Build | Palisade Wall |
| 14:13 | Build | Farm |
| 14:29 | Build | Farm |
| 14:42 | Build | Farm |
| 14:43 | Build | Farm |
| 14:46 | Create | Villager (Male) |
| 15:04 | Build | Farm |
| 15:09 | Create | Villager (Male) |
| 15:13 | Build | Farm |
| 15:18 | Build | Farm |
| 15:36 | Build | House |
| 15:38 | Build | House |
| 15:42 | Build | Farm |
| 16:03 | Create | Villager (Male) |
| 16:11 | Build | Market |
| 16:16 | Create | Villager (Male) |
| 16:22 | Build | Farm |
| 16:42 | Build | Farm |
| 16:53 | Build | Farm |
| 17:00 | Create | Villager (Male) |
| 17:32 | Research | Castle Age |
| 17:37 | Build | Farm |
| 17:45 | Build | Farm |
| 17:54 | Build | Farm |
| 18:00 | Build | Farm |
| 18:01 | Build | Farm |
| 18:20 | Build | Lumber Camp |
| 18:49 | Build | Stable |
| 18:59 | Research | Scale Barding Armor |
| 19:00 | Research | Forging |
| 20:12 | Age | Castle Age |
| 20:25 | Build | Town Center |
| 20:27 | Create | Villager (Male) |
| 20:28 | Create | Villager (Male) |
| 20:29 | Create | Villager (Male) |
| 20:59 | Build | Town Center |
| 21:02 | Create | Villager (Male) |
| 21:05 | Create | Villager (Male) |
| 21:20 | Build | House |
| 21:22 | Build | House |
| 21:34 | Create | Villager (Male) |
| 21:34 | Create | Villager (Male) |
| 21:53 | Build | Monastery |
| 21:56 | Create | Villager (Male) |
| 21:58 | Create | Villager (Male) |
| 21:58 | Create | Villager (Male) |
| 21:59 | Create | Villager (Male) |
| 22:07 | Create | Villager (Male) |
| 22:21 | Build | House |
| 22:22 | Build | House |
| 22:29 | Build | House |
| 22:30 | Build | House |
| 22:32 | Build | House |
| 22:33 | Build | House |
| 22:34 | Build | House |
| 22:36 | Build | House |
| 22:39 | Create | Villager (Male) |
| 22:40 | Create | Villager (Male) |
| 23:09 | Create | Villager (Male) |
| 23:09 | Create | Villager (Male) |
| 23:09 | Create | Villager (Male) |
| 23:10 | Create | Villager (Male) |
| 23:15 | Create | Villager (Male) |
| 23:25 | Build | University |
| 23:28 | Create | Villager (Male) |
| 23:30 | Create | Villager (Male) |
| 23:39 | Build | Farm |
| 23:49 | Build | Farm |
| 23:54 | Build | Farm |
| 23:55 | Create | Villager (Male) |
| 23:56 | Create | Villager (Male) |
| 24:10 | Create | Villager (Male) |
| 24:15 | Build | Farm |
| 24:19 | Build | Farm |
| 24:23 | Build | Farm |
| 24:27 | Create | Villager (Male) |
| 24:28 | Create | Villager (Male) |
| 24:32 | Research | Imperial Age |
| 24:37 | Create | Villager (Male) ×2 |
Match timeline
| 9:18 | malibu · age_up feudal |
| 9:26 | happiness · first_building Barracks |
| 9:34 | happiness · wall_segment Palisade Wall x9 |
| 9:41 | happiness · wall_segment Palisade Wall x9 |
| 9:43 | happiness · wall_segment Palisade Wall x5 |
| 10:34 | happiness · wall_segment Palisade Wall x22 |
| 10:57 | happiness · wall_segment Palisade Wall x8 |
| 10:59 | happiness · wall_segment Palisade Wall x3 |
| 11:26 | happiness · age_up feudal |
| 14:01 | happiness · wall_segment Palisade Wall x1 |
| 16:49 | malibu · first_building Barracks |
| 17:10 | malibu · wall_segment Palisade Wall x1 |
| 17:18 | malibu · wall_segment Palisade Wall x11 |
| 17:22 | malibu · wall_segment Palisade Wall x5 |
| 17:23 | happiness · first_market_buy 100 food |
| 18:37 | malibu · first_building Stable |
| 18:49 | happiness · first_building Stable |
| 18:49 | malibu · first_market_sell 100 food |
| 20:12 | happiness · age_up castle |
| 21:31 | malibu · age_up castle |
| 21:53 | happiness · first_building Monastery |
| 24:43 | malibu · first_market_buy 100 food |
| 27:26 | malibu · first_building Monastery |
| 27:47 | happiness · age_up imperial |
| 29:32 | happiness · first_building Castle |
| 31:04 | happiness · first_market_sell 500 stone |
| 31:48 | malibu · first_building Castle |
| 33:42 | malibu · age_up imperial |
| 38:33 | malibu · first_building Archery Range |
| 40:06 | malibu · wall_segment Palisade Wall x1 |
| 40:07 | malibu · wall_segment Palisade Wall x1 |
| 40:09 | malibu · wall_segment Palisade Wall x1 |
| 40:25 | malibu · wall_segment Palisade Wall x1 |
| 40:32 | malibu · wall_segment Palisade Wall x1 |
| 40:33 | malibu · wall_segment Palisade Wall x1 |
| 41:25 | malibu · wall_segment Palisade Wall x1 |
| 43:02 | happiness · first_building Archery Range |
| 45:53 | happiness · wall_segment Palisade Wall x1 |
| 51:51 | malibu · first_building Siege Workshop |
| 52:31 | malibu · wall_segment Palisade Wall x1 |
| 58:49 | happiness · resign |
[ AI ANALYSIS · 1 CREDIT ]
What really happened in this match?
Wolo.gg analyzes every decision: build order, eco, micro, common mistakes by bracket. Personalized analysis on WhatsApp or Discord in 30 seconds.
Civ guide
Cumans
Map guide
Arabia
Perfil
Jugador #756034